 Dungeon Crawl Stone Soup version 0.30-a0-950-gbf40cfac39 (webtiles) character file.

Game seed: 7277422192268540882

7564 Taimouu the Fighter (level 11, -6/89 HPs)
             Began as a Human Monk on Mar 28, 2023.
             Was a Follower of the Shining One.
             Mangled by an orc warrior
             ... wielding a +0 war axe
              (20 damage)
             ... in a bailey.
             The game lasted 00:32:39 (10438 turns).

Taimouu the Fighter (Human Monk)                   Turns: 10438, Time: 00:32:40

Health: -6/89      AC: 22    Str: 12    XL:     11   Next: 39%
Magic:  14/16      EV:  9    Int: 14    God:    the Shining One [*.....]
Gold:   313        SH:  8    Dex: 16    Spells: 13/14 levels left

rFire   . . .      SeeInvis .    o - +1 whip (elec)
rCold   . . .      Faith    +    (no shield)
rNeg    . . .      Spirit   .    D - +0 plate armour
rPois   .          Reflect  .    s - +1 helmet
rElec   .          Rampage  .    t - +0 cloak
rCorr   .                        k - +2 pair of gloves
Will    .....                    i - +0 pair of boots Stlth
                                 u - amulet of faith
HPRegen 0.34/turn                p - ring of wizardry
MPRegen 0.15/turn                n - +5 ring of evasion

@: divinely shielded, glowing
A: no striking features
a: Renounce Religion, Divine Shield


You were in a bailey.
You worshipped the Shining One.
The Shining One was aware of your devotion.
You visited 2 branches of the dungeon, and saw 10 of its levels.
You also visited: Bailey.

You collected 1400 gold pieces.
You spent 1087 gold pieces at shops.

Inventory:

Hand Weapons
 m - a +0 dire flail
 o - a +1 whip of electrocution (weapon)
Armour
 a - a +0 robe
 i - a +0 pair of boots (worn)
 k - a +2 pair of gloves (worn)
 s - a +1 helmet (worn)
 t - a +0 cloak (worn)
 D - a +0 plate armour (worn)
Magical Staves
 d - a staff of air
 f - a staff of fire
Jewellery
 n - a +5 ring of evasion (right hand)
 p - a ring of wizardry (left hand)
 u - an amulet of faith (around neck)
 v - an amulet of guardian spirit
 E - an amulet of the acrobat
Wands
 l - a wand of paralysis (16)
 C - a wand of iceblast (8)
 F - a wand of light (1)
 H - a wand of flame (13)
Scrolls
 c - 7 scrolls of teleportation
 e - 11 scrolls of identify
 g - a scroll of torment
 j - 2 scrolls of fog
 w - 3 scrolls of magic mapping {unknown}
 x - a scroll of blinking
 y - a scroll of fear
 B - a scroll of poison
 G - a scroll of butterflies {unknown}
Potions
 b - a potion of ambrosia
 h - 2 potions of lignification {unknown}
 q - a potion of brilliance
 r - 3 potions of attraction
 z - a potion of heal wounds {unknown}
 A - a potion of curing


   Skills:
 + Level 9.3 Fighting
 + Level 8.7 Maces & Flails
 + Level 8.6 Armour
 - Level 3.2 Dodging
 - Level 2.0 Stealth
 - Level 3.2 Unarmed Combat
 - Level 2.0 Spellcasting
 - Level 2.1 Poison Magic
 + Level 7.0 Invocations


You had 13 spell levels left.
You knew the following spells:

 Your Spells              Type           Power      Damage    Failure   Level
a - Sting                 Tmut/Pois      16%        1d3       99%         1

Your spell library contained the following spells:

 Spells                   Type           Power      Damage    Failure   Level
 Apportation              Tloc           2%         N/A       100%        1
 Slow                     Hex            4%         N/A       100%        1
 Lesser Beckoning         Tloc           2%         N/A       100%        2
 Poisonous Vapours        Pois/Air       8%         N/A       100%        2
 Static Discharge         Conj/Air       2%         2-3/arc   100%        2
 Confusing Touch          Hex            1%         N/A       100%        3
 Gell's Gravitas          Tloc           1%         N/A       100%        3
 Teleport Other           Tloc           1%         N/A       100%        3
 Vampiric Draining        Necr           1%         2d6       100%        3
 Vhi's Electric Charge    Tloc/Air       2%         N/A       100%        3
 Olgreb's Toxic Radiance  Pois           7%         N/A       100%        4
 Alistair's Intoxication  Tmut/Pois      2%         N/A       100%        5
 Arcjolt                  Conj/Air       0%         1d10      100%        5
 Plasma Beam              Fire/Air       0%         2x1d11    100%        5


Dungeon Overview and Level Annotations

Branches:
Dungeon (9/15)             Temple (1/1) D:7          Bailey (1/1)
   Lair: D:8-11         Orc: D:9-12

Altars:
Ashenzari
Cheibriados
Dithmenos
Elyvilon
Fedhas
Gozag
Hepliaklqana
Kikubaaqudgha
Makhleb
Nemelex Xobeh
Okawaru
Qazlal
Ru
Sif Muna
Trog
Uskayaw
Vehumet
Wu Jian
Xom
Yredelemnul
Zin
The Shining One

Shops:
D:2 (   D:3 *[   D:6 *


Message History

The orc warrior hits you with a +0 war axe!
You completely miss the orc knight.
The orc knight is severely wounded.
You block the orc knight's attack. The orc warrior closely misses you.
You hit the orc knight but do no damage.
The orc knight is severely wounded.
You hit the orc knight but do no damage.
The orc knight is severely wounded.
The orc knight hits you with a +0 battleaxe!
* * * LOW HITPOINT WARNING * * *
The orc warrior hits you with a +0 war axe.
* * * LOW HITPOINT WARNING * * *
The orc suddenly cheers.
You hit the orc knight but do no damage.
Lightning courses through the orc knight!
The orc knight is almost dead.
You block the orc knight's attack. You block the orc warrior's attack.
You hit the orc knight but do no damage.
Your punch misses the orc knight.
The orc knight is almost dead.
You hit the orc knight but do no damage.
The orc knight is almost dead.
The orc knight hits you with a +0 battleaxe!
* * * LOW HITPOINT WARNING * * *
The orc warrior barely misses you.
You hit the orc knight but do no damage.
Lightning courses through the orc knight!
You kill the orc knight!
The orc warrior barely misses you.
Your Invocations skill increases to level 7!
Aiming: Bolt of Light
Press: ? - help, Shift-Dir - straight line, f - orc warrior
Aim: an orc warrior, wielding a +0 war axe and wearing a +0 scale mail (lightly wounded, strong, haloed, 76% to hit)
The bolt of light hits the orc warrior!
The orc warrior is heavily wounded.
The orc warrior is blinded.
The bolt of light hits the goblin!
You kill the goblin!
The bolt of light misses the orc warrior.
The orc warrior hits you with a +0 war axe!!
You die...

!!∩!?# !...!!
......# .......
....... ..⌠....
#######
.....o.##.....##
.....ogo@......#
......##)......##
..... #.........#
......##88.8
##.........##
.⌠.....###+
#.....⌠.....#
......#
##.........##
......#
#.........#
.....#
##.......##
.....# #.......#


You could see 2 orc warriors, an orc (strong) and a hobgoblin.

Vanquished Creatures
  Erica (D:8)
  A two-headed ogre (D:8)
  2 orc knights (Bailey)
  Sigmund (D:4)
  A wyvern (D:7)
  A vampire (D:9)
  5 humans (D:8)
  2 steam dragons
  3 water moccasins
  Duvessa (D:4)
  10 orc warriors
  2 ice beasts (D:7)
  A sky beast (D:7)
  A black bear (D:7)
  A centaur (D:6)
  3 ogres
  2 kobold brigands
  A scorpion (D:7)
  6 bullfrogs
  5 wights (D:8)
  Dowan (D:4)
  5 killer bees (D:9)
  An electric eel (D:7)
  2 jellies (D:6)
  4 hounds
  A gnoll bouda (D:6)
  8 orc priests
  An iguana (D:6)
  Ijyb (D:4)
  6 orc wizards
  16 gnolls
  An adder (D:5)
  A white imp (D:8)
  6 worms
  A dart slug (D:1)
  34 orcs
  4 ball pythons
  3 bats
  8 endoplasms
  A giant cockroach (D:3)
  15 goblins
  20 hobgoblins
  2 jackals (D:1)
  4 quokkas
  3 frilled lizards
  16 kobolds
215 creatures vanquished.

Vanquished Creatures (others)
  A plant (D:7)
1 creature vanquished.

Grand Total: 216 creatures vanquished

Notes
Turn   | Place    | Note
-------+----------+-------------------------------------------
     0 | D:1      | Taimouu the Human Monk began the quest for the Orb.
     0 | D:1      | Reached XP level 1. HP: 18/18 MP: 1/1
   198 | D:1      | Reached XP level 2. HP: 18/24 MP: 2/2
   271 | D:1      | Learned a level 1 spell: Sting
   416 | D:1      | Reached XP level 3. HP: 19/29 MP: 1/4
   533 | D:1      | Reached skill level 1 in Poison Magic
   829 | D:2      | Reached skill level 1 in Spellcasting
   999 | D:2      | Found a faded altar of an unknown god.
  1173 | D:2      | Reached XP level 4. HP: 11/35 MP: 1/6
  1627 | D:2      | Found Tuygas's Antique Weapon Emporium.
  1874 | D:3      | Found Ponod's General Store.
  1893 | D:3      | Bought a scroll of teleportation for 33 gold pieces
  1962 | D:3      | Reached XP level 5. HP: 41/41 MP: 8/8
  2029 | D:3      | Found Dabixt's Armour Boutique.
  2111 | D:3      | You fall into a shaft and drop 3 floors!
  2124 | D:6      | Found a blossoming altar of Fedhas.
  2137 | D:6      | Noticed a water moccasin
  2149 | D:6      | Killed a water moccasin
  2150 | D:6      | Reached skill level 1 in Armour
  2150 | D:6      | Reached XP level 6. HP: 22/48 MP: 7/9
  2302 | D:6      | Reached skill level 4 in Fighting
  2308 | D:6      | Reached XP level 7. HP: 23/55 MP: 10/10
  2513 | D:6      | Found Jalagidi's Fire Supplies.
  2690 | D:5      | Entered Level 5 of the Dungeon
  2758 | D:5      | Reached skill level 5 in Fighting
  2958 | D:5      | Reached XP level 8. HP: 59/62 MP: 11/11
  4002 | D:4      | Noticed Duvessa
  4002 | D:4      | Noticed Dowan
  4009 | D:4      | Killed Duvessa
  4035 | D:4      | Killed Dowan
  4412 | D:4      | Noticed Ijyb
  4418 | D:4      | Paralysed by Ijyb for 2 turns
  4424 | D:4      | Paralysed by Ijyb for 3 turns
  4431 | D:4      | Killed Ijyb
  4467 | D:4      | Noticed Sigmund
  4481 | D:4      | Killed Sigmund
  4482 | D:4      | Reached skill level 6 in Fighting
  4482 | D:4      | Reached skill level 5 in Maces & Flails
  4482 | D:4      | Reached skill level 5 in Armour
  5228 | D:3      | Identified a scroll of acquirement
  5228 | D:3      | Acquired 1075 gold pieces
  5628 | D:2      | Bought a masterwork long sword for 246 gold pieces
  5628 | D:2      | Identified the +4 long sword of Sin {drain, Str+3 Dex-4}
                  | (You bought it in a shop on level 2 of the Dungeon)
  5653 | D:3      | Bought a potion of attraction for 33 gold pieces
  5653 | D:3      | Bought a staff of air for 275 gold pieces
  5653 | D:3      | Bought a book of Lightning for 418 gold pieces
  5653 | D:3      | Bought a scroll of blinking for 82 gold pieces
  5767 | D:7      | Reached XP level 9. HP: 61/71 MP: 12/12
  5801 | D:7      | Found a staircase to the Ecumenical Temple.
  5873 | Temple   | Entered the Ecumenical Temple
  6015 | Temple   | Became a worshipper of the Shining One
  6015 | Temple   | Reached * piety under the Shining One
  6015 | Temple   | Reached ** piety under the Shining One
  6373 | D:7      | Reached skill level 1 in Invocations
  6553 | D:7      | Reached skill level 7 in Fighting
  7835 | D:8      | Noticed a two-headed ogre
  7873 | D:8      | Reached XP level 10. HP: 38/79 MP: 5/13
  8499 | D:8      | Reached skill level 8 in Fighting
  8525 | D:8      | Reached skill level 5 in Invocations
  8770 | D:8      | Killed a two-headed ogre
  8990 | D:8      | Noticed Erica
  9014 | D:8      | Killed Erica
  9293 | D:8      | Found a white marble altar of Elyvilon.
  9406 | D:9      | Reached XP level 11. HP: 83/87 MP: 15/15
  9619 | D:9      | Found Soisygh's Book Shop.
  9670 | D:9      | Reached skill level 9 in Fighting
  9911 | D:9      | Found a flagged portal.
  9921 | Bailey   | Entered a bailey
  9990 | Bailey   | Noticed an orc knight
 10052 | Bailey   | Killed an orc knight
 10400 | Bailey   | Noticed an orc knight
 10437 | Bailey   | Killed an orc knight
 10438 | Bailey   | Mangled by an orc warrior

Illustrated notes

Levels and vault maps discovered:
D:1:      onia_arrival_pyramid, layout_rooms, nicolae_grassy_gnolls
D:2:      minmay_inner_zag, layout_basic, shapermc_ecumenical_altar_venn,
          serial_shops, nicolae_shop_stone, skrybe_limestone_x
D:3:      layout_loops_ring, serial_shops, shop, nicolae_square_shop,
          chequers_serial_rivers_micro_b, grunt_decor_junction,
          nicolae_concentric_dashed_squares_mild
D:4:      layout_basic, uniq_duvessa, uniq_sigmund, uniq_ijyb
D:5:      layout_loops_ring
D:6:      layout_rooms, kennysheep_mini_moat, nicolae_zen_rock_garden,
          nicolae_shop_fire_sale [nicolae_sub_dead_trees]
D:7:      layout_layer_cave, minmay_temple_entry_overgrown,
          kennysheep_opposing_triangles
D:8:      layout_cave_pods, overflow_temple_1_default, minivault_23,
          minmay_ruffians, uniq_erica
D:9:      old_forge, layout_basic, serial_shops, shop, enter_bailey_5
Temple:   mainiacjoe_temple_cubbyholes
Bailey:   bailey_axe_minmay_hex_keep, bailey

Skill      XL: |  1  2  3  4  5  6  7  8  9 10 11 |
---------------+----------------------------------+-----
Poison Magic   | 1 2 |  2.1
Spellcasting   | 1 2 |  2.0
Maces & Flails | 2 3 5 6 8 |  8.7
Armour         | 1 2 3 5 6 7 8 |  8.6
Fighting       | 4 5 6 7 8 9 |  9.3
Invocations    | 3 6 7 |  7.0
Dodging        | |  3.2
Stealth        | |  2.0
Unarmed Combat | |  3.2

Action                     |  1- 3 |  4- 6 |  7- 9 | 10-12 || total
---------------------------+-------+-------+-------+-------++-------
  Melee: Unarmed           |    65 |     1 |       |       ||    66
         Punch             |     4 |       |     9 |    17 ||    30
         Whip              |       |    84 |   368 |   428 ||   880
   Cast: Sting             |    20 |     9 |       |       ||    29
 Invoke: Divine Shield     |       |       |     2 |    14 ||    16
  Evoke: Wand              |     3 |     3 |     4 |     4 ||    14
    Use: Potion            |     2 |     1 |     5 |     5 ||    13
         Scroll            |       |       |    13 |       ||    13
   Stab: Sleeping          |     4 |     4 |       |       ||     8
         Invisible         |       |     2 |       |       ||     2
 Armour: Robe              |    13 |     9 |       |       ||    22
         Ring mail         |       |    14 |    43 |       ||    57
         Chain mail        |       |       |   135 |       ||   135
         Plate armour      |       |       |       |   181 ||   181
  Dodge: Dodged            |    61 |    39 |   164 |   172 ||   436
  Block: Other             |       |       |     1 |    95 ||    96

Table legend: (Time is in decaauts)
 A = Elapsed time spent in this place.
 B = Non-inter-level travel time spent in this place.
 C = Inter-level travel time spent in this place.
 D = Time resting spent in this place.
 E = Time spent auto-exploring this place.
 F = Levels seen in this place.
 G = Mean time per level.
                   A        B        C        D        E       F      G
               +--------+--------+--------+--------+--------+-----+--------+
         Total |  10273 |   9614 |    659 |      0 |   7499 |  11 |  933.9 |
       Dungeon |   9412 |   8851 |    561 |      0 |   6970 |   9 | 1045.8 |
        Temple |    394 |    296 |     98 |      0 |    245 |   1 |  394.0 |
        Bailey |    466 |    466 |      0 |      0 |    284 |   1 |  466.0 |
               +--------+--------+--------+--------+--------+-----+--------+

Top non-repeatable levels by time:
     D:7: 1689 daAuts
     D:8: 1471 daAuts
     D:5: 1253 daAuts
     D:4: 1084 daAuts
     D:3: 991 daAuts
     D:2: 981 daAuts
     D:1: 804 daAuts
     D:6: 603 daAuts
     D:9: 533 daAuts
  Bailey: 466 daAuts
  Temple: 394 daAuts
